 Dungeon Crawl Stone Soup version 0.25.0-1-g7eea58d2a3 (console) character file.

Game seed: 1211338652705918300

8889 Garrluk the Fencer (level 11, -1/81 HPs)
             Began as a Formicid Fighter on June 14, 2020.
             Was a High Priest of Okawaru.
             Slain by Jorgrun
             ... wielding an uncursed staff of earth
              (9 damage)
             ... while petrified by Jorgrun
             ... on level 12 of the Dungeon.
             The game lasted 00:48:58 (7264 turns).

Garrluk the Fencer (Formicid Fighter)               Turns: 7264, Time: 00:48:58

Health: -1/81      AC: 18    Str: 23    XL:     11   Next: 64%
Magic:  23/24      EV: -1    Int:  9    God:    Okawaru [*****.]
Gold:   419        SH:  0    Dex: 13    Spells: 10/10 levels left

rFire    . . .     SeeInvis +   a - +4 great sword (freeze)
rCold    . . .     Gourm    .   c - +0 kite shield
rNeg     + + +     Faith    .   F - +0 plate armour
rPois    ∞         Spirit   .   (helmet unavailable)
rElec    .         Reflect  .   (no cloak)
rCorr    .         Harm     .   K - +2 pair of gloves {Dex+3}
MR       +....                  e - +0 pair of boots
Stlth    ..........             (no amulet)
HPRegen  0.23/turn              s - ring of magical power
MPRegen  0.19/turn              v - ring of stealth

@: petrified, heroism, grasped by roots, constricted
A: permanent stasis, dig shafts and tunnels, four strong arms, antennae 3
a: Dig, Shaft Self, Heroism, Finesse, Renounce Religion


You were on level 12 of the Dungeon.
You worshipped Okawaru.
Okawaru was extremely pleased with you.
You were not hungry.

You visited 1 branch of the dungeon, and saw 12 of its levels.
You also visited: Sewer.

You collected 707 gold pieces.
You spent 288 gold pieces at shops.

Inventory:

Hand Weapons
 a - a +4 great sword of freezing (weapon)
 b - a +4 scimitar of flaming
Missiles
 h - 4 javelins
 o - 6 curare-tipped darts (quivered)
Armour
 c - a +0 kite shield (worn)
 e - a +0 pair of boots (worn)
 x - a +0 pair of gloves
 F - a +0 plate armour (worn)
 H - a +0 cloak
 K - a +2 pair of gloves of dexterity (worn)
Jewellery
 s - a ring of magical power (left hand)
 v - a ring of stealth (right hand)
Wands
 j - a wand of paralysis (2)
 t - a wand of flame (34)
 B - a wand of polymorph (16)
 E - a wand of random effects (22)
 G - a wand of disintegration (22)
Scrolls
 d - a scroll of amnesia {unknown}
 k - 3 scrolls of teleportation {unknown}
 m - 3 scrolls of fear {unknown}
 p - 5 scrolls of fog {unknown}
 q - 3 scrolls of enchant armour {unknown}
 r - 4 scrolls of remove curse
 w - 4 scrolls of immolation {unknown}
 y - 4 scrolls of identify
 A - a scroll of enchant weapon {unknown}
 C - a scroll of random uselessness {unknown}
 D - a scroll of blinking {unknown}
Potions
 g - 2 potions of flight
 i - 7 potions of curing
 l - 4 potions of heal wounds
 n - a potion of invisibility {unknown}
 u - a potion of resistance {unknown}
 z - 3 potions of mutation {unknown}
 I - a potion of might
 L - a potion of cancellation {unknown}
Comestibles
 f - 19 rations


   Skills:
 + Level 6.1(11.1) Fighting
 - Level 15.3(20.3) Long Blades
 - Level 3.2(8.2) Armour
 - Level 3.6(8.6) Shields
 + Level 5.5 Invocations


You had 10 spell levels left.
You didn't know any spells.
Your spell library contained the following spells:

 Spells                   Type           Power        Failure   Level  Hunger
 Freeze                   Ice            #...         99%         1    ##.....
 Frozen Ramparts          Ice            #.....       100%        3    ####...
 Ozocubu's Armour         Chrm/Ice       #.......     100%        3    ####...
 Hailstorm                Conj/Ice       #.......     100%        4    #####..
 Summon Ice Beast         Ice/Summ       #.......     100%        4    #####..


Dungeon Overview and Level Annotations

Branches:
Dungeon (12/15)            Temple (0/1) D:7            Lair (0/6) D:11
    Orc (0/2) D:10          Sewer (visited)

Altars:
Elyvilon
Kikubaaqudgha
Okawaru
Vehumet
The Shining One

Shops:
D:9 *   D:10 !

Annotations:
D:3 1 runed translucent door, Crazy Yiuf
D:5 Duvessa
D:11 exclusion: oklob plant
D:12 Jorgrun


Innate Abilities, Weirdness & Mutations

You cannot be hasted, slowed, berserked, paralysed or teleported.
You can dig through walls and to a lower floor.
Your four strong arms can wield two-handed weapons with a shield.
You have a pair of large antennae on your head. (SInv)


Message History

Jorgrun casts a spell at you.
Your limbs have turned to stone.
You have turned to stone.
Jorgrun hits you but does no damage. Jorgrun crushes you.
Jorgrun hits you but does no damage. Jorgrun crushes you!
Jorgrun says, "'tis place shall be yer tomb!"
Jorgrun hits you with an uncursed staff of earth!
Jorgrun crushes you! Jorgrun casts a spell at you.
Roots burst forth from the earth!
The grasping roots grab you! The grasping roots constrict you!
Jorgrun hits you with an uncursed staff of earth!
Jorgrun crushes you!!
* * * LOW HITPOINT WARNING * * *
x2 The grasping roots constrict you!
Jorgrun hits you with an uncursed staff of earth.
* * * LOW HITPOINT WARNING * * *
Jorgrun crushes you!
* * * LOW HITPOINT WARNING * * *
You die...

##### #############...###
#..................
#......).......#...
#..)#######........
#.@##.....###.[...#
#.g#[(≈≈≈...##...##
#..#.≈≈≈≈≈.........
#..#..≈≈≈...##...## #.#
#..##.....###.....# #.#
#...#######........ #.# #.......
......#... #.# #.....# ##.######.
#.# #.....# #.. #. #.# #.....# #.
#.
######.########.....####.#######.


You could see Jorgrun.

Vanquished Creatures
  Erica (D:9)
  A two-headed ogre (D:11)
  Pikel (D:7)
  An ugly thing (D:11)
  Maurice (D:9)
  4 trolls
  A hippogriff (D:10)
  Sigmund (D:3)
  A vampire (D:9)
  A hungry ghost (D:9)
  4 yaks (D:11)
  A steam dragon (D:7)
  2 insubstantial wisps (D:7)
  A water moccasin (D:11)
  A black bear (D:9)
  6 ice beasts
  3 orc warriors
  5 sky beasts
  3 slaves
  4 ogres
  4 centaurs
  A crocodile (D:8)
  4 big kobolds
  3 bullfrogs
  2 scorpions
  A wight (D:6)
  A crimson imp (D:12)
  A centaur zombie (D:7)
  2 jellies
  A bullfrog zombie (D:5)
  2 hounds
  5 orc priests
  5 iguanas
  Terence (D:3)
  9 orc wizards
  5 worker ants
  A howler monkey zombie (D:7)
  4 gnolls
  12 adders
  A howler monkey skeleton (D:7)
  A river rat (Sewer)
  A shadow imp (D:7)
  2 white imps
  2 oozes (D:3)
  4 adder skeletons
  4 worms (D:3)
  A dart slug (D:3)
  2 leopard geckos
  15 orcs
  5 ball pythons
  4 bats
  4 giant cockroaches
  5 goblins
  6 hobgoblins
  23 jackals
  21 kobolds
  3 quokkas
  5 frilled lizards
  5 goblin skeletons (D:4)
  2 goblin zombies (D:4)
  2 kobold zombies (D:4)
  A leopard gecko zombie (D:6)
  An orc zombie (D:4)
  A quokka zombie (D:7)
  8 rats
236 creatures vanquished.

Vanquished Creatures (others)
  A slave (D:7)
1 creature vanquished.

Grand Total: 237 creatures vanquished

Notes
Turn   | Place    | Note
-------+----------+-------------------------------------------
     0 | D:1      | Garrluk the Formicid Fighter began the quest for the Orb.
     0 | D:1      | Reached XP level 1. HP: 18/18 MP: 1/1
   289 | D:1      | Reached XP level 2. HP: 24/24 MP: 2/2
   363 | D:1      | Reached skill level 3 in Long Blades
   537 | D:2      | Reached XP level 3. HP: 26/29 MP: 3/3
   616 | D:2      | Reached skill level 4 in Long Blades
   616 | D:2      | Reached XP level 4. HP: 19/35 MP: 4/4
  1031 | D:3      | Noticed Sigmund
  1098 | D:3      | Found a glowing drain.
  1101 | D:3      | Reached XP level 5. HP: 37/41 MP: 5/5
  1145 | Sewer    | Entered a sewer
  1158 | Sewer    | Reached skill level 5 in Long Blades
  1199 | Sewer    | Noticed a big kobold
  1236 | Sewer    | Killed a big kobold
  1236 | Sewer    | Reached XP level 6. HP: 30/47 MP: 6/6
  1254 | Sewer    | Found a white marble altar of Elyvilon.
  1387 | D:3      | Found a radiant altar of Vehumet.
  1515 | D:3      | Killed Sigmund
  1515 | D:3      | Reached skill level 6 in Long Blades
  1592 | D:3      | Reached XP level 7. HP: 45/52 MP: 7/7
  1673 | D:3      | Found a runed translucent door.
  1674 | D:3      | Noticed Crazy Yiuf
  1699 | D:3      | Reached skill level 7 in Long Blades
  2104 | D:3      | Noticed Terence
  2116 | D:3      | Killed Terence
  2158 | D:4      | Found an iron altar of Okawaru.
  2169 | D:4      | Became a worshipper of Warmaster Okawaru
  2493 | D:4      | Found a glowing golden altar of the Shining One.
  2629 | D:4      | Reached skill level 8 in Long Blades
  2670 | D:5      | Entered Level 5 of the Dungeon
  2713 | D:5      | Noticed Duvessa
  2764 | D:5      | Reached XP level 8. HP: 41/58 MP: 8/8
  2819 | D:5      | Reached * piety under Okawaru
  2862 | D:5      | Reached skill level 9 in Long Blades
  3406 | D:6      | Reached skill level 10 in Long Blades
  3544 | D:6      | Reached ** piety under Okawaru
  3958 | D:7      | Noticed Pikel
  4019 | D:7      | Reached XP level 9. HP: 58/64 MP: 9/9
  4042 | D:7      | Killed Pikel
  4042 | D:7      | Reached skill level 11 in Long Blades
  4100 | D:7      | Found a staircase to the Ecumenical Temple.
  4219 | D:7      | Found an ancient bone altar of Kikubaaqudgha.
  4246 | D:7      | Reached skill level 12 in Long Blades
  4383 | D:7      | Reached *** piety under Okawaru
  4391 | D:7      | Reached XP level 10. HP: 64/70 MP: 10/10
  4438 | D:7      | Reached skill level 13 in Long Blades
  5115 | D:9      | Reached **** piety under Okawaru
  5115 | D:9      | Reached skill level 14 in Long Blades
  5210 | D:9      | Noticed Erica
  5220 | D:9      | Killed Erica
  5233 | D:9      | Found Ulos's General Store.
  5238 | D:9      | Bought a scroll of identify for 24 gold pieces
  5238 | D:9      | Bought a scroll of remove curse for 36 gold pieces
  5247 | D:9      | Noticed Maurice
  5261 | D:9      | Killed Maurice
  5261 | D:9      | Reached ***** piety under Okawaru
  5565 | D:9      | Reached XP level 11. HP: 33/75 MP: 11/11
  5579 | D:9      | Reached skill level 15 in Long Blades
  5700 | D:10     | Entered Level 10 of the Dungeon
  5820 | D:10     | Found a white marble altar of Elyvilon.
  5848 | D:10     | Found Gehyer's Distillery.
  5857 | D:10     | Found a staircase to the Orcish Mines.
  5860 | D:10     | Bought a potion of curing for 36 gold pieces
  5860 | D:10     | Bought a potion of curing for 36 gold pieces
  5860 | D:10     | Bought a potion of heal wounds for 60 gold pieces
  5860 | D:10     | Bought a potion of might for 48 gold pieces
  5860 | D:10     | Bought a potion of degeneration for 12 gold pieces
  5860 | D:10     | Bought a potion of curing for 36 gold pieces
  6010 | D:10     | Reached skill level 1 in Invocations
  6471 | D:11     | Received a gift from Okawaru
  6534 | D:11     | Noticed a two-headed ogre
  6551 | D:11     | Killed a two-headed ogre
  6613 | D:11     | Reached skill level 5 in Fighting
  6752 | D:11     | Noticed a red ugly thing
  6767 | D:11     | Killed a red ugly thing
  6772 | D:11     | Found a staircase to the Lair.
  6776 | D:11     | Noticed an oklob plant
  7001 | D:11     | Reached skill level 5 in Invocations
  7252 | D:12     | Noticed Jorgrun
  7264 | D:12     | Slain by Jorgrun

Illustrated notes

Levels and vault maps discovered:
D:1:      eino_arrival_cavern_b, layout_basic
D:2:      layout_rooms
D:3:      layout_loops_corners, fiery_altar_vehumet,
          cheibrodos_sewer_entry_sluice, kennysheep_generic_room_9,
          uniq_crazy_yiuf_cottage, uniq_sigmund, uniq_terence
D:4:      layout_basic, okawaru_gym_becter, nicolae_tso_besieged_by_evil
D:5:      layout_rooms, chequers_temple_overflow_minitemple, first_ration,
          kennysheep_flooded_box, nicolae_alphabet_shops, uniq_duvessa
D:6:      minmay_inner_zag, layout_basic
D:7:      layout_loops_cross, marbit_many_paths,
          minmay_temple_entry_statues_fountains, hangedman_misty_isle,
          uniq_pikel
D:8:      layout_loops_ring
D:9:      layout_roguey, serial_shops, shop, uniq_maurice, uniq_erica
D:10:     layout_basic, orc_0_dummy, serial_shops, shop, grunt_ogre_cave,
          lemuel_statue_altar
D:11:     layout_cave_pools, dpeg_oklobed_lair
D:12:     minmay_stepped, layout_basic, ebering_ghost_reflecting_pool,
          serial_shops, shop, minmay_fire_ice_demons, uniq_jorgrun

Skill      XL: |  1  2  3  4  5  6  7  8  9 10 11 |
---------------+----------------------------------+-----
Long Blades    | 3 4 5 6 8 10 12 14 15 | 15.3
Invocations    | 5 |  5.5
Fighting       | 6 |  6.1
Armour         | |  3.2
Shields        | |  3.6

Action                   |  1- 3 |  4- 6 |  7- 9 | 10-12 || total
-------------------------+-------+-------+-------+-------++-------
Melee: Long sword        |    98 |   134 |   278 |       ||   510
       Great sword       |       |       |   111 |   238 ||   349
Throw: Stone             |    10 |     5 |     1 |       ||    16
       Dart              |       |       |     3 |     6 ||     9
       Javelin           |       |       |       |     1 ||     1
Invok: Heroism           |       |       |     1 |     8 ||     9
       Finesse           |       |       |       |     1 ||     1
 Abil: Dig               |     2 |     1 |    23 |    29 ||    55
  Use: Potion            |       |     3 |     2 |     1 ||     6
  Eat: Chunk             |       |     3 |    13 |    11 ||    27
       Ration            |       |       |       |     1 ||     1
Armor: Scale mail        |    34 |    56 |    25 |       ||   115
       Chain mail        |       |       |    87 |       ||    87
       Plate armour      |       |       |    17 |    97 ||   114
Dodge: Dodged            |    33 |    47 |    79 |    45 ||   204
Block: Kite shield       |    45 |    63 |   146 |    95 ||   349
       Rpst.: Long sword |     9 |    17 |    20 |       ||    46
       Great sword       |       |       |     6 |    13 ||    19
